[Event "*** SCC Grand Prix: Titled Tuesday Blitz"]
[Site "Chess.com"]
[Date "2020.09.29"]
[Round "10"]
[White "youngKID"]
[Black "Barys1974"]
[Result "1-0"]
[WhiteElo "2784"]
[BlackElo "2636"]
[TimeControl "180+1"]
[EndTime "11:57:25 PDT"]
[Termination "youngKID won by resignation"]

1. Nf3 d5 2. d4 Nf6 3. Bf4 c5 4.
e3 Nc6 5. c3 Qb6 6. Qb3 c4 7.
Qc2 Bf5 8. Qc1 e6 9. Nbd2 Be7 10. h3 Qd8 11. Be2 h6 12. O-O O-O 13. Bd1 Bd3 14. Re1 Ne4 15. Bc2 Bxc2 16. Qxc2 f5 17. Ne5 Nxe5 18. Bxe5 Bd6 19. Bxd6 Qxd6 20. Nf3 b5 21. Ne5 a5 22. f3 Nf6 23. a4 b4 24.
b3 cxb3 25. Qxb3 Rab8 26. cxb4 Rxb4 27. Qc3 Rfb8 28. Rec1 Rb3 29. Qxa5 Rxe3 30. Qd2 f4 31. a5 Ra3 32. Qxf4 Ra8 33. Rxa3 Qxa3 34. Nc6 g5 35. Qd2 Nh5 36. Qc3 Qd6 37. Qc5 Qg3 38. Ne7+ Kh8 39. Qc6 Rb8 40. Qc7 Qxc7 41. Rxc7 Rb1+ 42. Kh2 Ra1 43.
Ng6+ Kg8 44. Ra7 Ra2 45. a6 Nf4 46. Nxf4 gxf4 47. h4 h5 48. Kh3 Ra3 49. g3 Kf8 50.
gxf4 Rxf3+ 51. Kg2 Ra3 52. Kf2 Ke8 53. Ke2 Kd8 54.
Ra8+ Kc7 55. a7 Kb6 56. Rh8 Rxa7 57. Rxh5 Kc6 58. Rh6 Ra2+ 59. Kf3 Kd7 60. Rh7+ Kd6 61. h5 Ra1 62. h6 Rh1 63. Kg4 Rg1+ 64. Kh5 Rf1 65. Rf7 Rh1+ 66. Kg6 Rg1+ 67. Kf6 1-0

[Event "*** SCC Grand Prix: Titled Tuesday Blitz"]
[Site "Chess.com"]
[Date "2020.09.29"]
[Round "10"]
[White "hungrycaterpillar4"]
[Black "Forantes"]
[Result "1-0"]
[WhiteElo "2623"]
[BlackElo "2392"]
[TimeControl "180+1"]
[EndTime "11:57:29 PDT"]
[Termination "hungrycaterpillar4 won by checkmate"]

1. d4 Nf6 2. Bf4 g6 3. Nc3 d5 4.
e3 Bg7 5. h4 h5 6. Nb5 Na6 7.
Nf3 c6 8. Nc3 O-O 9. Bxa6 bxa6 10.
Na4 Nd7 11. c3 a5 12. O-O Ba6 13. Re1 Re8 14. Rc1 Bb5 15. Ne5 Nxe5 16. Bxe5 f6 17.
Bg3 e5 18. Nc5 Bf8 19. a4 Bc4 20. b3 Bxc5 21. bxc4 Bb6 22. cxd5 cxd5 23. c4 dxc4 24. dxe5 Qd3 25. exf6 Rad8 26. Qf3 Kf7 27. Red1 Qa3 28. Rxc4 Rxd1+ 29. Qxd1 Kxf6 30. Qd7 Qe7 31. Rc6+ Kg7 32.
Be5+ Kh7 33. Qxe7+ Rxe7 34. Bd4 Bxd4 35. exd4 Rd7 36.
Ra6 Rxd4 37. Rxa7+ Kh6 38. Rxa5 Rxh4 39. g3 Rb4 40. Ra7 Kg5 41. a5 h4 42. Kg2 Ra4 43. a6 Ra2 44. gxh4+ Kxh4 45. Rh7+ Kg5 46. a7 Ra3 47. Kf1 Kf6 48. Ke2 Ke6 49. Kf1 Kf5 50.
Kg2 Kg5 51. Rf7 Kh5 52. Kf1 Ra2 53. Ke1 g5 54. Kd1 Kg6 55. Rb7 Kf6 56. Kc1 Ke6 57. Kb1 Ra5 58. Kc2 Kd6 59. Kd3 Kc6 60. Rg7 Kb6 61.
Ke4 Ra4+ 62. Kf5 Ra5+ 63. Kg4 Kc6 64. f3 Kb6 65. Rxg5 Rxa7 66. f4 Kc6 67. Re5 Kd6 68. Re1 Re7 69. Rxe7 Kxe7 70. Kg5 Kf7 71. Kf5 Kg7 72. Ke6 Kg8 73. Ke7 Kg7 74. f5 Kh7 75. f6 Kg6 76. f7 Kh7 77. f8=Q Kg6 78. Qf6+ Kh7 79. Qg5 Kh8 80. Kf7 Kh7 81. Kf6 Kh8 82. Ke7 Kh7 83. Kf7 Kh8 84. Kf8 Kh7 85. Kf7 Kh8 86.
Qh5# 1-0

[Event "*** SCC Grand Prix: Titled Tuesday Blitz"]
[Site "Chess.com"]
[Date "2020.09.29"]
[Round "10"]
[White "Artem_Sadovsky"]
[Black "ChelsieMonica"]
[Result "1-0"]
[WhiteElo "2529"]
[BlackElo "2377"]
[TimeControl "180+1"]
[EndTime "11:57:34 PDT"]
[Termination "Artem_Sadovsky won by resignation"]

1. Nf3 Nf6 2. g3 e6 3. Bg2 d5 4.
O-O Be7 5. c4 O-O 6. b3 c5 7.
Bb2 Nc6 8. cxd5 exd5 9. d4 Be6 10.
Nc3 h6 11. dxc5 Bxc5 12. Nb5 Rc8 13. Nbd4 Qe7 14. Rc1 Ba3 15. Nxc6 bxc6 16. Qc2 Bxb2 17. Qxb2 c5 18. Qa3 Rc7 19. e3 Rfc8 20. Rc2 Bf5 21. Rd2 Be4 22. Rc1 Qe6 23. Qb2 Qf5 24. Qe5 Qxe5 25. Nxe5 Bxg2 26. Kxg2 Kf8 27. Rdc2 Ke7 28.
Nd3 Kd6 29. Rd1 c4 30. bxc4 Rxc4 31. Rb2 R8c6 32. Nf4 g5 33. Ne2 Rc2 34. Rd2 Rxb2 35. Rxb2 Rb6 36. Rc2 Ne4 37. Nd4 Kd7 38. h3 Nd6 39. g4 Nc4 40. Nf5 Rf6 41. e4 Nb6 42. e5 Re6 43. Re2 Nc4 44. Nd4 Rxe5 45. Rc2 Re4 46.
Nf5 Rf4 47. Rc3 h5 48. Rd3 Ke6 49. Ng3 h4 50. Ne2 Re4 51. Nc3 Re5 52. Nb5 a6 53. Nd4+ Kd6 54. Nf5+ Kc5 55. Rb3 d4 56. Rb8 d3 57. Rc8+ Kd5 58. Rd8+ Kc6 59. Rxd3 Ra5 60. Rc3 Kd5 61. Rd3+ Ke4 62. Rd4+ Ke5 63. Rxc4 Rxa2 64. Rc5+ Kf4 65. Rc4+ Ke5 66. Ne3 a5 67. Rc5+ Kf4 68. Rf5+ Ke4 69. Rxg5 a4 70. Rf5 a3 71. Rxf7 Ra1 72.
Ra7 a2 73. Nc2 Kd3 74. Nxa1 1-0

[Event "*** SCC Grand Prix: Titled Tuesday Blitz"]
[Site "Chess.com"]
[Date "2020.09.29"]
[Round "10"]
[White "GameOverBro"]
[Black "RaphCamora"]
[Result "1/2-1/2"]
[WhiteElo "2552"]
[BlackElo "2420"]
[TimeControl "180+1"]
[EndTime "11:57:37 PDT"]
[Termination "Game drawn by agreement"]

1. e4 c5 2. Ne2 Nc6 3. Nbc3 g6 4. d4 cxd4 5. Nxd4 Bg7 6. Nde2 Nf6 7. g3 O-O 8. Bg2 Rb8 9. a4 a6 10. O-O b5 11.
axb5 axb5 12. Nd5 d6 13. c3 b4 14. Nd4 Nxd4 15. Nxf6+ Bxf6 16. cxd4 Bb7 17. Be3 Ra8 18. Qb3 Qb6 19. d5 Qb5 20. Rfc1 Rxa1 21. Rxa1 Rb8 22. Bf1 Qe8 23. Ba7 Ra8 24. Qxb4 Bc8 25. Ra3 Bg4 26. h3 Bd7 27. h4 h5 28. Kg2 Qc8 29. Bc4 Bxb2 30.
Ra2 Be5 31. Ba6 Qc3 32. Qxc3 Bxc3 33. Bb7 Rf8 34. Rc2 Bf6 35. Rc7 Ba4 36. f4 Kg7 37.
Kf3 Rd8 38. Ke3 Rd7 39. Rxd7 Bxd7 40. Bb6 Bc3 41. Bc7 Kf8 42. e5 Bb4 43. Ba6 Bc5+ 44.
Kf3 Bg4+ 45. Ke4 Bf5+ 46. Kf3 Bg4+ 47. Kg2 Bf5 48. Bc4 Be4+ 49. Kh3 Bf5+ 50. Kg2 Be4+ 51. Kf1 f6 52. e6 Bf3 53. Ba5 Bd4 54. Bb4 Be3 55.
Bc3 g5 56. fxg5 fxg5 57. hxg5 Bxg5 58. Kf2 Be4 59. Bd4 Bf5 60. Bc3 h4 61. gxh4 Bxh4+ 62. Kf3 Bg5 63. Bd4 Bh6 64. Kg3 Bg7 65. Be3 Be5+ 66.
Kf3 Kg7 67. Bb5 Bf6 68. Bc6 Bg6 69. Bf4 Bf5 70. Ke3 Bh4 71. Be8 Kf6 72. Bh6 Bg5+ 73. Bxg5+ Kxg5 74. Kd4 Bb1 75. Bc6 Kf6 76. Bd7 Bf5 77.
Bc6 Bg4 1/2-1/2

[Event "*** SCC Grand Prix: Titled Tuesday Blitz"]
[Site "Chess.com"]
[Date "2020.09.29"]
[Round "10"]
[White "lider34"]
[Black "Grineva_Marianna"]
[Result "0-1"]
[WhiteElo "2368"]
[BlackElo "2260"]
[TimeControl "180+1"]
[EndTime "11:57:37 PDT"]
[Termination "Grineva_Marianna won by checkmate"]

1. e4 c5 2. c3 d5 3. exd5 Qxd5 4. d4 Bf5 5. Nf3 Nf6 6. dxc5 Qxd1+ 7. Kxd1 Nc6 8. Bb5 O-O-O+ 9. Ke2 a6 10. Bxc6 Bd3+ 11. Ke1 bxc6 12. Ne5 Bc2 13. Nd2 Rd5 14. f4 Nd7 15.
Nxc6 Rxc5 16. Nb4 Bg6 17. Nb3 Rc4 18. Be3 e5 19. fxe5 Bxb4 20. cxb4 Nxe5 21. Bd4 Nd3+ 22. Kd2 Nxb4 23. Rac1 Nc2 24. Rhd1 Re8 25. g4 a5 26. a4 Kb8 27. Bb6 Rb4 28. Nc5 Rxb6 29. Nd7+ Kb7 30.
Nxb6 Kxb6 31. Rxc2 Bxc2 32. Kxc2 Re2+ 33. Rd2 Re4 34.
h3 Rxa4 35. Rf2 f6 36. Re2 Rc4+ 37. Kd3 Rc7 38. Kd4 Kb5 39. Re8 Kb4 40. Rb8+ Ka4 41. Rb6 Rd7+ 42. Kc4 Rd1 43. Ra6 Rc1+ 44. Kd4 Rc2 45.
Rb6 Rh2 46. Kc4 Rxh3 47. Rb5 Rg3 48. b3+ Ka3 49. Rxa5+ Kb2 50. Ra7 Rxg4+ 51. Kd5 Rg5+ 52. Ke6 Kxb3 53. Rb7+ Kc4 54. Rc7+ Kd3 55. Rd7+ Ke4 56. Rc7 h5 57. Rc4+ Kf3 58. Ra4 Kg3 59. Ra3+ Kg4 60. Ra2 Kh3 61. Ra3+ Rg3 62. Ra2 h4 63. Ra3 Rxa3 64.
Kf5 Rg3 65. Kf4 Kg2 66. Kf5 h3 67. Kf4 h2 68. Kf5 h1=Q 69. Ke6 Qf1 70. Kf7 f5 71. Kg8 f4 72. Kf8 f3 73. Kg8 Qa6 74. Kh7 g5 75. Kg8 g4 76. Kh8 Rh3+ 77. Kg8 Rh6 78. Kg7 Rb6 79. Kf8 Rb7 80. Ke8 Qa8# 0-1

[Event "*** SCC Grand Prix: Titled Tuesday Blitz"]
[Site "Chess.com"]
[Date "2020.09.29"]
[Round "10"]
[White "Nachsueb"]
[Black "WinstonSilvakov"]
[Result "1-0"]
[WhiteElo "2036"]
[BlackElo "2130"]
[TimeControl "180+1"]
[EndTime "11:57:37 PDT"]
[Termination "Nachsueb won by resignation"]

1. c4 Nf6 2. Nc3 c5 3. g3 h5 4.
Bg2 Nc6 5. h4 d6 6. e4 Bd7 7.
Nge2 e5 8. d3 Qc8 9. Rb1 a5 10.
Bg5 Be6 11. Bxf6 gxf6 12. Nd5 Bxd5 13. cxd5 Nd4 14. Nxd4 cxd4 15. O-O Bh6 16. Kh2 Qg4 17. Qa4+ Qd7 18. Qb3 Rc8 19. Bh3 Qd8 20. Qb5+ Kf8 21. Bxc8 Qxc8 22. Qxa5 Qd7 23. Qb4 Kg7 24. a4 Rc8 25. a5 Rc2 26. Qb3 Rd2 27. Rbd1 Re2 28. Rde1 Rd2 29. Rd1 Re2 30. Kg2 Qg4 31. Rfe1 Bd2 32.
Rxe2 Qxe2 33. Rf1 Bxa5 34. Qd1 Qxb2 35. Qxh5 Qc2 36. Qg4+ Kf8 37. Qf3 Bd2 38. Qxf6 Qxd3 39. Qxd6+ Kg8 40. Qd8+ Kg7 41. Qg5+ Kf8 42. Qf5 b5 43. d6 Ba5 44. Qc8+ Kg7 45. Qg4+ Kf8 46. d7 b4 47. Qf3 Qb5 48. Qf5 Ke7 49. h5 b3 50. h6 b2 51. Qg5+ Kxd7 52. Qg4+ Ke7 53.
h7 Qxf1+ 54. Kxf1 b1=Q+ 55. Kg2 Qb8 56. Qh4+ Kd7 57. h8=Q Qb7 58. Qxe5 Bc7 59. Qhe7+ Kc8 60. Qf5+ Kb8 61. Qe8+ Ka7 62. Qa4+ Kb8 63. Qd5 Bb6 64. Qxb7+ Kxb7 65. Qd7+ Ka6 66. Qxf7 d3 67. Qd5 d2 68. Qxd2 1-0

[Event "*** SCC Grand Prix: Titled Tuesday Blitz"]
[Site "Chess.com"]
[Date "2020.09.29"]
[Round "10"]
[White "Violord"]
[Black "daro94"]
[Result "0-1"]
[WhiteElo "2686"]
[BlackElo "2922"]
[TimeControl "180+1"]
[EndTime "11:57:45 PDT"]
[Termination "daro94 won on time"]

1. e4 e6 2. d4 d5 3. Nc3 Nf6 4. Bg5 Bb4 5. e5 h6 6. Bd2 Bxc3 7. bxc3 Ne4 8. Qg4 Kf8 9. Qf4 Nxd2 10. Qxd2 c5 11. Nf3 Qa5 12. h4 Nc6 13. h5 Bd7 14.
Rh4 Rc8 15. Rf4 cxd4 16. cxd4 Qxd2+ 17. Kxd2 Ke7 18. Rb1 b6 19. Bd3 Rhd8 20. Rg4 Kf8 21.
Rf4 Rc7 22. g4 Ke7 23. g5 Rh8 24. Rg1 Be8 25. gxh6 gxh6 26. Rf6 Nb8 27. Rf4 b5 28. Nh2 b4 29. Rf6 Nd7 30. Rf4 a5 31. Ng4 Rg8 32. Rg3 Rh8 33. Nf6 Nxf6 34. exf6+ Kd6 35. Rg7 a4 36. Rfg4 e5 37. dxe5+ Kxe5 38. Rxb4 Kxf6 39. Rg3 Bd7 40. Rf3+ Ke7 41. Re3+ Kd6 42. Rf4 Be6 43. Rf6 Ke7 44. Rf4 Ra8 45. Rb4 a3 46. f4 Kf8 47. f5 d4 48. Rxd4 Bxa2 49. Re1 Rc5 50. Ra1 Bd5 51. c4 Bc6 52. Kc3 Rca5 53. Ra2 Bf3 54.
f6 Bxh5 55. Rh4 Kg8 56. Be4 R8a6 57. Bd5 Bg6 58. Rg2 Rxf6 59. Rxh6 Kg7 60. Rhh2 Rf1 61. Kb4 Ra7 62. Ra2 Rb1+ 63. Kc5 Rb3 64. Kd4 Ra5 65.
Rhg2 Kf6 66. c5 Rd3+ 67. Kc4 Ra4+ 68. Kb5 Rad4 69. Bc4 Rd1 70. Rgf2+ Ke5 71. Bxf7 Bd3+ 72. Kc6 Be4+ 73. Kc7 Rc1 74. Rxa3 Rxc5+ 75. Kb6 Rc6+ 76.
Kb5 Rd8 77. Re2 Rb8+ 78. Ka5 Rc7 79. Rxe4+ Kxe4 80. Bg6+ Ke5 81. Bd3 Ra7+ 82. Ba6 Rxa6+ 83. Kxa6 Ra8+ 0-1

[Event "*** SCC Grand Prix: Titled Tuesday Blitz"]
[Site "Chess.com"]
[Date "2020.09.29"]
[Round "10"]
[White "LionTheLeon_06"]
[Black "c_r_e_e_p_e_r"]
[Result "1-0"]
[WhiteElo "2610"]
[BlackElo "2384"]
[TimeControl "180+1"]
[EndTime "11:57:45 PDT"]
[Termination "LionTheLeon_06 won by resignation"]

1. Nf3 c5 2. b3 b6 3. Bb2 Bb7 4. c4 e6 5. g3 Nf6 6. Bg2 d6 7. O-O Be7 8. d4 cxd4 9. Nxd4 Bxg2 10. Kxg2 Qc8 11. Nc3 a6 12. e4 Qb7 13. f3 Nbd7 14.
Qe2 O-O 15. Rfd1 Rfe8 16. Rac1 Rad8 17. Qc2 Bf8 18. Re1 Rc8 19. Qd2 g6 20. Rcd1 Rcd8 21. Ba3 Nc5 22. Qc2 Bg7 23. Qd2 Nfd7 24. Bb2 Ne5 25.
Qc2 h5 26. Bc1 Rc8 27. Qe2 Nc6 28. Be3 h4 29. Qd2 Ne5 30. Qe2 Qe7 31. g4 Ned7 32. h3 g5 33. Qd2 f6 34. Nc2 Bf8 35. f4 gxf4 36. Bxf4 Ne5 37. Qe2 Qf7 38. Nd4 Qg6 39. Rf1 Bg7 40. Bh2 Nf7 41. Kh1 Ng5 42. Qe3 Ncxe4 43. Nxe4 Qxe4+ 44. Qxe4 Nxe4 45. Kg2 Nc3 46. Rd2 d5 47. cxd5 Nxd5 48. Re1 Kf7 49. Rde2 e5 50. Nf5 Bf8 51. Nxh4 Bc5 52. Nf5 Bb4 53. Rf1 Ke6 54. Bg3 Kd7 55. Ne3 Nxe3+ 56. Rxe3 Rc2+ 57. Rf2 Rec8 58.
Ree2 Rc1 59. h4 Ke6 60. g5 fxg5 61. Rxe5+ Kd7 62. Rd5+ Kc6 63. Rxg5 Bc5 64. Rg6+ Kb5 65. Rf3 Rc2+ 66. Kh3 Rxa2 67. h5 Rh8 68. h6 Bd4 69. Bf4 Bc5 70. Kg4 Rg2+ 71. Rg3 Rh2 72. Rh3 Rxh3 73.
Kxh3 Kb4 74. Kg4 Kxb3 75. Be5 Rh7 76. Bg7 Be7 77. Kh5 b5 78. Rxa6 b4 79. Kg6 Rxg7+ 80. hxg7 Kc4 81. g8=Q+ 1-0

[Event "*** SCC Grand Prix: Titled Tuesday Blitz"]
[Site "Chess.com"]
[Date "2020.09.29"]
[Round "10"]
[White "wonderfultime"]
[Black "GiantThresher"]
[Result "1/2-1/2"]
[WhiteElo "2911"]
[BlackElo "2779"]
[TimeControl "180+1"]
[EndTime "11:57:47 PDT"]
[Termination "Game drawn by repetition"]

1. d4 d5 2. Nf3 Nf6 3. Bf4 c5 4. c3 Nc6 5. e3 Qb6 6. Qc2 g6 7. Nbd2 Bf5 8. dxc5 Qxc5 9. Qb3 Na5 10. Qa4+ Bd7 11. Qd4 Qxd4 12. exd4 Bg7 13. Be2 O-O 14. O-O Rfc8 15. Rfe1 Nh5 16. Bg5 f6 17. Be3 Kf7 18. Nb3 Nc4 19. Bxc4 dxc4 20. Nc5 Bc6 21. Nd2 b6 22. Nce4 g5 23. a4 h6 24. f3 Bf8 25.
g4 Ng7 26. Bf2 Bd5 27. h4 e6 28. Bg3 Rd8 29. hxg5 hxg5 30. f4 gxf4 31. Bxf4 Kg6 32.
Rf1 Be7 33. Rae1 Rh8 34. Bd6 Bxd6 35. Rxf6+ Kh7 36. Nxd6 Ne8 37. Nxe8 Raxe8 38. Ne4 Kg7 39. g5 Rh4 40. Ng3 Rg4 41. Kf2 Rxg5 42. Rf4 Rh8 43. Rg1 Rh2+ 44. Ke3 Kg6 45. Rf8 Kg7 46. Rff1 Rg6 47.
Ne2 Rh3+ 48. Kd2 Rd3+ 49. Ke1 Re3 50. Rxg6+ Kxg6 51. Kd2 Rd3+ 52. Ke1 Re3 53. Kd2 Rd3+ 54. Kc1 Re3 55. Rf2 Kg5 56. Kd2 Rd3+ 57. Ke1 Bf3 58. Rh2 Re3 59. Kd2 Rxe2+ 60. Rxe2 Bxe2 61. Kxe2 Kf4 62. Kf2 Ke4 63. Ke2 a6 64. Kd2 Kf3 65. Kd1 Ke3 66.
Ke1 Kd3 67. Kd1 Ke3 68. Ke1 Kd3 69. Kd1 b5 70. axb5 axb5 71. Kc1 Ke2 72. Kc2 Ke1 73.
Kc1 Ke2 74. Kc2 Ke3 75. Kc1 Kd3 76. Kd1 Ke3 77. Kc2 Ke2 78. Kc1 Ke1 79. Kc2 Ke2 80. Kc1 Ke3 81. Kc2 Ke2 1/2-1/2

[Event "*** SCC Grand Prix: Titled Tuesday Blitz"]
[Site "Chess.com"]
[Date "2020.09.29"]
[Round "10"]
[White "vaishali2001"]
[Black "JuliaEfremova"]
[Result "1-0"]
[WhiteElo "2479"]
[BlackElo "2341"]
[TimeControl "180+1"]
[EndTime "11:58:16 PDT"]
[Termination "vaishali2001 won by resignation"]

1. e4 d5 2. exd5 Qxd5 3. Nc3 Qa5 4. d4 Nf6 5. Nf3 Bg4 6. Bc4 Nc6 7. h3 Qh5 8. d5 O-O-O 9. Be3 Bxf3 10. Qxf3 Qxf3 11. gxf3 Ne5 12. Bb3 Nxf3+ 13. Ke2 Ne5 14. a4 a6 15. Rhg1 g6 16. f4 Ned7 17. Kf3 Bg7 18. Bd4 Nh5 19. Ne2 Bxd4 20. Nxd4 Nc5 21. Bc4 e6 22. Rg5 f6 23.
Rxh5 gxh5 24. Nxe6 Nxe6 25. dxe6 Rd2 26. Re1 Rxc2 27.
Bd3 Rxb2 28. e7 Kd7 29. Bxh7 Rb3+ 30. Kf2 Rb4 31. Bg6 Rxf4+ 32. Kg3 Rb4 33. e8=Q+ Rxe8 34.
Bxe8+ Kd6 35. Rd1+ Ke5 36. Rc1 c6 37. Rc5+ Ke6 38.
Rxh5 Rxa4 39. Rh7 Ra3+ 40. Kg4 f5+ 41. Kg5 Rg3+ 42. Kf4 Ra3 43. Rxb7 Rxh3 44. Bd7+ Kd6 45. Bxf5 Rh4+ 46. Kg5 Rc4 47. Ra7 Ra4 48. Kf6 a5 49. Rd7+ Kc5 50. Ke5 Ra1 51. Ra7 a4 52. Be6 a3 53.
Bg8 Kb4 54. Kd4 Rd1+ 55. Ke3 c5 56. Rb7+ Ka5 57. Ra7+ Kb4 58. Ke2 Ra1 59. Kd3 c4+ 60. Kc2 Ra2+ 61. Kb1 Rb2+ 62. Ka1 Rc2 63. Rb7+ Kc3 64.
Rc7 Rc1+ 65. Ka2 Kb4 66. Rb7+ Kc3 67. Rc7 Kb4 68. Rc8 Kc3 69. Rxc4+ Kd2 70. Rd4+ Kc3 71. Rh4 Rc2+ 72. Kxa3 Rg2 73. Rc4+ Kd3 74. Rc8 Rg3 75. Bc4+ Kd4+ 76. Bb3 Ke5 77. Kb4 Kd4 78. Rd8+ Ke5 79. Bc4 Rg4 80. Kc5 Ke4 81. Rd4+ Kf5 82. Be6+ Kxe6 83.
Rxg4 Ke5 84. Rd4 Kf5 85. Kd5 Kf6 86. Re4 Kf5 87. Rd4 Kg6 88. Rf4 Kg5 89. Ke5 Kg6 90.
Rf5 Kg7 91. Ke6 Kh8 92. Kf7 1-0

[Event "*** SCC Grand Prix: Titled Tuesday Blitz"]
[Site "Chess.com"]
[Date "2020.09.29"]
[Round "10"]
[White "pedromartinez91"]
[Black "Harsha_Bharathakoti"]
[Result "1/2-1/2"]
[WhiteElo "2496"]
[BlackElo "2756"]
[TimeControl "180+1"]
[EndTime "11:58:25 PDT"]
[Termination "Game drawn - insufficient material"]

1. d4 e6 2. e4 d5 3. Nc3 Bb4 4. Qd3 dxe4 5. Qxe4 Nf6 6. Qh4 c5 7. dxc5 Bxc3+ 8. bxc3 Nbd7 9. Bb5 O-O 10. Be3 Qc7 11. c6 bxc6 12. Bd3 c5 13. Nf3 Bb7 14. Qg3 Qxg3 15.
hxg3 Nd5 16. Bd2 h6 17. O-O Rfc8 18. Rab1 N7b6 19. Ne5 c4 20. Be2 f6 21. Ng6 Kh7 22. Nf4 e5 23. Nxd5 Bxd5 24. Rb4 Rc6 25. Be3 Be4 26.
Bxb6 axb6 27. Bxc4 Bxc2 28. Bd5 Rac8 29. Bxc6 Rxc6 30.
Rc1 Bd3 31. a4 e4 32. c4 Kg6 33. Rb5 Bxc4 34. Rb4 Bd5 35. Rxc6 Bxc6 36. Rxb6 Bxa4 37.
f3 exf3 38. gxf3 h5 39. Kf2 Bc2 40. Rc6 Ba4 41. Rc5 Bb3 42. Kg2 Be6 43. Kh2 Bf5 44.
f4 Bg4 45. Kg2 Be6 46. Kf3 Bg4+ 47. Kf2 Bf5 48. Ra5 Bd3 49. Ra7 Bc2 50. Rc7 Bb1 51. Rc3 Be4 52. Rc1 Bd3 53. Re1 Bc2 54. Re3 Bb1 55.
Re7 Bc2 56. Kg2 Bb1 57. Kh3 Bf5+ 58. Kh2 Bc2 59. Rc7 Bb1 60. Rc5 Bd3 61. Kh3 Bf5+ 62. Kh4 Bg4 63. Ra5 Kh6 64. Rc5 g6 65. Ra5 Bf5 66. g4 Bxg4 67. Kg3 Bf5 68. Ra6 Kg7 69.
Ra7+ Kf8 70. Ra8+ Kf7 71. Ra6 g5 72. Ra5 Kg6 73. fxg5 fxg5 74. Ra4 Be6 75. Rb4 Kf5 76.
Rd4 Ke5 77. Rb4 Bd5 78. Ra4 Be4 79. Ra5+ Kf6 80. Ra6+ Ke5 81. Ra5+ Bd5 82. Ra4 Kf5 83. Rb4 Be6 84. Rb5+ Kf6 85. Rb4 Bg4 86. Rb6+ Be6 87. Rb4 Ke5 88. Ra4 Bf5 89. Rb4 Be4 90. Rb5+ Bd5 91. Rb4 Kf6 92. Ra4 Kf5 93. Rb4 Be4 94.
Rb5+ Kg6 95. Rb4 Bf5 96. Ra4 Be6 97. Rb4 h4+ 98. Rxh4 gxh4+ 99. Kxh4 1/2-1/2